 Dungeon Crawl Stone Soup version 0.24-b1 (webtiles) character file.

Game seed: 13493463088230280736, levelgen mode: deterministic

1 MalarOregon the Conjurer (level 1, 0/14 HPs)
             Began as a Draconian Conjurer on Oct 13, 2019.
             Slain by a jackal (3 damage)
             ... on level 1 of the Dungeon.
             The game lasted 00:00:16 (40 turns).

MalarOregon the Conjurer (Draconian Conjurer)         Turns: 40, Time: 00:00:17

Health: 0/14       AC:  4    Str: 10    XL:     1   Next: 16%
Magic:  0/3        EV: 12    Int: 15    God:
Gold:   3          SH:  0    Dex: 11    Spells: 3/4 levels left

rFire    . . .     SeeInvis .   (no weapon)
rCold    . . .     Gourm    .   (no shield)
rNeg     . . .     Faith    .   (armour unavailable)
rPois    .         Spirit   .   (helmet restricted)
rElec    .         Reflect  .   (no cloak)
rCorr    .         Harm     .   (no gloves)
MR       .....                  (no boots)
Stlth    ++........             (no amulet)
HPRegen  0.04/turn              (no ring)
MPRegen  0.08/turn              (no ring)

@: no status effects
A: unfitting armour, cold-blooded, AC +4
a: no special abilities


You were on level 1 of the Dungeon.
You were not hungry.

You visited 1 branch of the dungeon, and saw 1 of its levels.

You collected 3 gold pieces.

Inventory:

Comestibles
 e - a ration {!d}


   Skills:
 * Level 0.1 Fighting
 + Level 1.8 Dodging
 - Level 1.7 Stealth
 + Level 2.0 Spellcasting
 + Level 4.0 Conjurations


You had 3 spell levels left.
You knew the following spells:

 Your Spells              Type           Power        Failure   Level  Hunger
a - Magic Dart            Conj           ##..         4%          1    #......

Your spell library contained the following spells:

 Spells                   Type           Power        Failure   Level  Hunger
 Searing Ray              Conj           ##....       6%          2    ###....
 Dazzling Spray           Conj/Hex       #.....       28%         3    ###....
 Iskenderun's Mystic Bla  Conj           ##......     38%         4    #####..
 Force Lance              Conj/Tloc      #.......     67%         4    #####..
 Fulminant Prism          Conj/Hex       #.........   67%         4    #####..


Dungeon Overview and Level Annotations

Branches:
Dungeon (1/15)

Altars:


Innate Abilities, Weirdness & Mutations

Your plain brown scales are hard. (AC +4)
You cannot fit into any form of body armour.
You are cold-blooded and may be slowed by cold attacks.


Message History

You hit the jackal but do no damage. The jackal misses you.
The jackal bites you.
You barely miss the jackal. The jackal completely misses you.
You closely miss the jackal.
Your tail-slap misses the jackal.
The jackal barely misses you.
You closely miss the jackal. The jackal barely misses you.
The jackal bites you.
You hit the jackal but do no damage. The jackal completely misses you.
You barely miss the jackal.
The jackal bites you but does no damage.
The jackal closely misses you.
You hit the jackal but do no damage. The jackal barely misses you.
You barely miss the jackal. The jackal bites you.
You hit the jackal but do no damage. The jackal barely misses you. x2
You hit the jackal. The jackal bites you.
You closely miss the jackal. The jackal misses you.
The jackal closely misses you.
You barely miss the jackal. The jackal closely misses you.
You barely miss the jackal.
The jackal bites you but does no damage.
You closely miss the jackal. The jackal closely misses you.
The jackal bites you.
* * * LOW HITPOINT WARNING * * *
Unknown command.
Aim: a jackal (moderately wounded)
The magic dart hits the jackal.
You kill the jackal!
Aim: a jackal The magic dart hits the jackal.
The jackal barely misses you.
Aim: a jackal (heavily wounded)
The magic dart hits the jackal but does no damage.
The jackal bites you.
* * * LOW HITPOINT WARNING * * *
The jackal bites you but does no damage.
You don't know that spell.
You barely miss the jackal.
Your tail-slap misses the jackal.
The jackal bites you.
* * * LOW HITPOINT WARNING * * *
You barely miss the jackal. The jackal closely misses you.
A hobgoblin comes into view. It is wielding a +0 club.
The jackal closely misses you.
The hobgoblin shouts!
You hit the jackal but do no damage. The jackal barely misses you.
You closely miss the jackal.
The jackal bites you but does no damage.
You barely miss the jackal. The jackal closely misses you.
The jackal bites you but does no damage.
You closely miss the jackal.
Your tail-slap misses the jackal.
The jackal bites you.
You die...

#.# #.#
#########.#
#≈≈.PP≈P#g#
#≈≈P.PPP#h#
#≈.≈≈.≈P#h#
#≈......#h#
#.#PP..≈#@#
#.#≈P≈..#.#
#<#P.≈≈≈'.#
###########


You could see 3 jackals and a hobgoblin.

Vanquished Creatures
  A jackal (D:1)
1 creature vanquished.

Notes
Turn   | Place    | Note
-------+----------+-------------------------------------------
     0 | D:1      | MalarOregon the Draconian Conjurer began the quest for the
                  | Orb.
     0 | D:1      | Reached XP level 1. HP: 14/14 MP: 3/3
    40 | D:1      | Slain by a jackal

Action                   || total
-------------------------++-------
Melee: Unarmed           ||    22
 Cast: Magic Dart        ||     3
Armor: Skin              ||     7
Dodge: Dodged            ||    19
